 Dungeon Crawl Stone Soup version 0.28-a0-385-g79de503ca0 (webtiles) character file.

Game seed: 6636809536470983037

280 McIrco the Covered (level 6, -3/56 HPs)
             Began as a Minotaur Fighter on Sept 3, 2021.
             Killed by nerve-wracking pain
             ... invoked by an orc priest
              (14 damage)
             ... on level 3 of the Dungeon.
             The game lasted 00:03:00 (2245 turns).

McIrco the Covered (Minotaur Fighter)               Turns: 2245, Time: 00:03:00

Health: -3/56      AC:  7    Str: 23    XL:     6   Next: 5%
Magic:  5/5        EV: 10    Int:  5    God:
Gold:   101        SH:  4    Dex:  9    Spells: 5/5 levels left

rFire   . . .      SeeInvis .   a - +0 war axe
rCold   . . .      Faith    .   c - +0 buckler
rNeg    . . .      Spirit   .   b - +0 scale mail
rPois   .          Reflect  .   (helmet restricted)
rElec   .          Harm     .   (no cloak)
rCorr   .          Rampage  .   (no gloves)
Will    .....                   (no boots)
Stlth   ..........              (no amulet)
HPRegen 0.18/turn               (no ring)
MPRegen 0.09/turn               (no ring)

@: no status effects
A: horns 2, retaliatory headbutt
a: no special abilities


You were on level 3 of the Dungeon.
You visited 1 branch of the dungeon, and saw 3 of its levels.

You collected 101 gold pieces.

Inventory:

Hand Weapons
 a - a +0 war axe (weapon)
Missiles
 k - 6 boomerangs (quivered)
Armour
 b - a +0 scale mail (worn)
 c - a +0 buckler (worn)
Jewellery
 n - a +4 ring of protection
Scrolls
 f - a scroll of blinking {unknown}
 i - 3 scrolls of identify {unknown}
 j - 2 scrolls of amnesia {unknown}
 l - a scroll of enchant weapon {unknown}
 m - a scroll of fear {unknown}
Potions
 d - a potion of might
 e - a potion of curing
 g - 2 potions of lignification {unknown}
 h - a potion of heal wounds {unknown}


   Skills:
 + Level 5.2 Fighting
 - Level 2.4 Axes
 + Level 6.1 Armour
 + Level 5.2 Shields


You had 5 spell levels left.
You didn't know any spells.
Your spell library contained the following spells:

 Spells                   Type           Power      Damage    Failure   Level
 Freeze                   Ice            0%         1d3       77%         1
 Frozen Ramparts          Ice            0%         1d2       98%         3
 Gell's Gravitas          Tloc           0%         N/A       98%         3
 Teleport Other           Tloc           0%         N/A       98%         3
 Hailstorm                Conj/Ice       0%         3d3       100%        4
 Dispersal                Tloc           0%         N/A       100%        6


Dungeon Overview and Level Annotations

Branches:
Dungeon (3/15)

Altars:


Innate Abilities, Weirdness & Mutations

You have a pair of horns on your head.
You reflexively headbutt those who attack you in melee.


Message History

The hobgoblin hits you.
Items here: )) [[ ††.
You slash the hobgoblin!
You kill the hobgoblin!
You hit the hobgoblin.
You kill the hobgoblin!
You barely miss the orc priest. You headbutt the orc priest.
The orc priest is heavily wounded.
The orc priest hits you with a +0 club.
The orc priest hits you but does no damage.
You closely miss the orc priest.
The orc priest is heavily wounded.
You hit the endoplasm but do no damage.
The endoplasm hits you but does no damage.
The orc priest hits you with a +0 club.
* * * LOW HITPOINT WARNING * * *
Unknown command.
You hit the orc priest but do no damage.
The orc priest is heavily wounded.
You hit the endoplasm.
You kill the endoplasm!
The orc priest invokes the aid of Beogh against you.
You barely resist. The endoplasm misses you.
You hit the orc priest.
The orc priest is almost dead.
You barely miss the endoplasm. The orc priest hits you with a +0 club.
* * * LOW HITPOINT WARNING * * *
The endoplasm hits you.
* * * LOW HITPOINT WARNING * * *
The orc priest miscasts a cantrip.
You closely miss the orc priest. Your headbutt misses the orc priest.
The orc priest is almost dead.
You hit the endoplasm but do no damage.
An orc comes into view. It is wielding a +0 hand axe.
The endoplasm freezes you.
You are frozen.
* * * LOW HITPOINT WARNING * * *
The orc priest calls down the wrath of Beogh upon you.
Pain shoots through your body!
You die...

#.## ##.. ...# ...
#..##.# #..
#..##|# #..
#..##.# ..###
#..##.# ..o
#..##.# #)####.)#
#<>##.# #oJ....#
..###.# #@######
#.###.## #.#
##.#...#########.#
#...............#
##.#...###########
#.###.## ..###.#
...##.# ...##.#


You could see an orc priest, an orc and an endoplasm.

Vanquished Creatures
  A steam dragon (D:3)
  An orc priest (D:3)
  An adder (D:3)
  3 gnolls (D:3)
  A worm (D:3)
  2 dart slugs
  2 orcs (D:3)
  9 ball pythons
  4 bats
  5 endoplasms
  2 giant cockroaches
  9 goblins
  8 hobgoblins
  4 jackals (D:1)
  A quokka (D:1)
  4 frilled lizards
  10 kobolds
  7 rats
74 creatures vanquished.

Notes
Turn   | Place    | Note
-------+----------+-------------------------------------------
     0 | D:1      | McIrco the Minotaur Fighter began the quest for the Orb.
     0 | D:1      | Reached XP level 1. HP: 19/19 MP: 0/0
    29 | D:1      | Found a faded altar of an unknown god.
    50 | D:1      | Reached XP level 2. HP: 26/27 MP: 1/1
   130 | D:1      | Reached skill level 4 in Armour
   299 | D:1      | Reached XP level 3. HP: 27/33 MP: 2/2
  1293 | D:3      | Reached XP level 4. HP: 40/41 MP: 3/3
  1378 | D:3      | Noticed a steam dragon
  1389 | D:3      | Killed a steam dragon
  1390 | D:3      | Reached skill level 5 in Fighting
  1390 | D:3      | Reached skill level 5 in Armour
  1390 | D:3      | Reached skill level 5 in Shields
  1390 | D:3      | Reached XP level 5. HP: 5/48 MP: 4/4
  2232 | D:3      | Reached skill level 6 in Armour
  2232 | D:3      | Reached XP level 6. HP: 51/56 MP: 5/5
  2245 | D:3      | Killed from afar by an orc priest

Illustrated notes

Levels and vault maps discovered:
D:1:      shiori_arrival_elements, layout_rooms,
          dreamdust_ecumenical_altar_statues
D:2:      layout_rooms, kennysheep_generic_room_8
D:3:      layout_loops_ring, minmay_bisected

Skill      XL: |  1  2  3  4  5 |
---------------+----------------+-----
Shields        | 4 5 |  5.2
Armour         | 4 5 6 |  6.1
Fighting       | 4 5 |  5.2
Axes           | |  2.4

Action                   |  1- 3 |  4- 6 || total
-------------------------+-------+-------++-------
Melee: War axe           |    89 |    47 ||   136
       Headbutt          |    12 |    11 ||    23
Armor: Scale mail        |    39 |    20 ||    59
Dodge: Dodged            |    41 |    29 ||    70
Block: Buckler           |    28 |     9 ||    37

Table legend: (Time is in decaauts)
 A = Elapsed time spent in this place.
 B = Non-inter-level travel time spent in this place.
 C = Inter-level travel time spent in this place.
 D = Time resting spent in this place.
 E = Time spent auto-exploring this place.
 F = Levels seen in this place.
 G = Mean time per level.
                   A        B        C        D        E       F      G
               +--------+--------+--------+--------+--------+-----+--------+
         Total |   2295 |   2221 |     74 |    267 |   1551 |   3 |  765.0 |
       Dungeon |   2295 |   2221 |     74 |    267 |   1551 |   3 |  765.0 |
               +--------+--------+--------+--------+--------+-----+--------+

Top non-repeatable levels by time:
     D:3: 1027 daAuts
     D:1: 700 daAuts
     D:2: 567 daAuts
